 Dungeon Crawl Stone Soup version 0.18.1-5-g4a78601 (webtiles) character file.

152 Zhenya25pyc the Skirmisher (level 5, -6/34 HPs)
             Began as a Gargoyle Fighter on May 14, 2016.
             Killed by divine providence
             ... invoked by an orc priest
              (11 damage)
             ... on level 4 of the Dungeon.
             The game lasted 00:04:36 (2391 turns).

Zhenya25pyc the Skirmisher (Gargoyle Fighter)       Turns: 2391, Time: 00:04:37

Health: -6/34      AC: 12    Str: 21    XL:     5   Next: 34%
Magic:  0/5        EV:  9    Int:  8    God:
Gold:   136        SH:  9    Dex:  9    Spells: 0 memorised, 4 levels left

rFire  . . .     SeeInvis .     a - +0 flail
rCold  . . .     Gourm    .     b - +0 scale mail
rNeg   + . .     Faith    .     c - +0 shield
rPois  ∞         Spirit   +     (no helmet)
rElec  +         Dismiss  .     e - +0 cloak
rCorr  .         Reflect  .     (no gloves)
SustAt .         Harm     .     (no boots)
MR     .....                    l - amulet of guardian spirit
Stlth  ..........               q - ring of loudness (curse)
                                k - +2 ring of evasion

@: not resistant to hostile enchantments, extremely unstealthy
A: negative energy resistance 1, electricity resistance, unbreathing,
petrification resistance, rot immunity, AC +4
a: no special abilities


You were on level 4 of the Dungeon.
You were hungry.

You visited 1 branch of the dungeon, and saw 4 of its levels.

You collected 136 gold pieces.

Inventory:

Hand Weapons
 a - a +0 flail (weapon)
Armour
 b - a +0 scale mail (worn)
 c - a +0 shield (worn)
 e - a +0 cloak (worn)
Jewellery
 k - a +2 ring of evasion (left hand)
 l - an amulet of guardian spirit (around neck)
 q - a cursed ring of loudness (right hand)
 t - an uncursed ring of magical power
 v - a +2 ring of evasion
Scrolls
 g - a scroll of amnesia {unknown}
 h - 2 scrolls of enchant armour {unknown}
 j - a scroll of recharging {unknown}
 o - a scroll of teleportation {unknown}
 u - a scroll of immolation {unknown}
 w - a scroll of remove curse {unknown}
 x - 3 scrolls of identify {unknown}
 y - a scroll of random uselessness {unknown}
Potions
 d - a potion of might
 i - 2 potions of agility {unknown}
 m - a potion of heal wounds {unknown}
 n - 2 potions of cure mutation {unknown}
 p - a potion of resistance {unknown}
 s - a potion of curing {unknown}
 z - a potion of haste {unknown}
Comestibles
 f - 4 bread rations
 r - a meat ration


   Skills:
 + Level 4.3 Fighting
 * Level 3.8 Maces & Flails
 + Level 4.2 Armour
 - Level 3.5 Shields


You had 4 spell levels left.
You didn't know any spells.

Dungeon Overview and Level Annotations

Branches:
Dungeon (4/15)
 Temple: D:4-7

Altars:
Yredelemnul


Innate Abilities, Weirdness & Mutations

You are resistant to torment.
Your stone body is resilient (AC +4).
You are immune to poison.
You resist negative energy.
You are resistant to electric shocks.
You can survive without breathing.
You are immune to petrification.
You are immune to rotting.


Message History

The orc priest calls down the wrath of Beogh upon you.
Beogh smites you!
The orc wizard casts a spell.
The orc wizard seems to speed up.
The orc priest calls down the wrath of Beogh upon you.
Pain shoots through your body!
Your shield and scale mail prevent you from hitting the orc priest.
The orc priest hits you but does no damage.
Your shield and scale mail prevent you from hitting the orc priest.
The orc priest hits you but does no damage.
You hit the orc priest but do no damage.
The orc priest casts a cantrip, but nothing happens.
Your shield and scale mail prevent you from hitting the orc priest.
The orc priest barely misses you.
The orc priest calls down the wrath of Beogh upon you.
Beogh smites you!
* * * LOW HITPOINT WARNING * * *
The orc priest invokes the aid of Beogh against you.
Beogh smites you!
You die...

#......... #.#
#..#...... #.#
#......... #.#
#.##...... #.#
#.##.#####
#o#######.##.#
#o#<......##.#
#o##########.#
#@#..........#
#.#.##########
#..........
###.#######
#.# #.# #.#
#.# #.#


You could see 2 orc priests and an orc wizard.

Vanquished Creatures
  A worker ant (D:4)
  7 adders
  A worm (D:3)
  A dart slug (D:3)
  A giant gecko (D:2)
  An orc (D:4)
  2 giant cockroaches
  2 gnoll zombies (D:3)
  12 goblins
  3 hobgoblins
  8 jackals
  7 bats
  3 giant newts
  4 kobolds
  8 rats
61 creatures vanquished.

Notes
Turn   | Place    | Note
--------------------------------------------------------------
     0 | D:1      | Zhenya25pyc the Gargoyle Fighter began the quest for the Orb.
     0 | D:1      | Reached XP level 1. HP: 14/14 MP: 1/1
   402 | D:1      | Reached XP level 2. HP: 16/19 MP: 2/2
   907 | D:2      | Reached XP level 3. HP: 24/24 MP: 3/3
  1332 | D:2      | Reached XP level 4. HP: 25/29 MP: 4/4
  1940 | D:3      | Reached XP level 5. HP: 33/33 MP: 5/5
  2033 | D:3      | Found a basalt altar of Yredelemnul.
  2391 | D:4      | Killed from afar by an orc priest

Skill      XL: |  1  2  3  4 |
---------------+-------------+-----
Maces & Flails | 3 |  3.8
Fighting       | 4 |  4.3
Armour         | 4 |  4.2
Shields        | |  3.5

Action                   |  1- 3 |  4- 6 || total
-------------------------+-------+-------++-------
Melee: Flail             |   188 |   154 ||   342
  Eat: Chunk             |     2 |     3 ||     5
Armor: Scale mail        |    91 |    87 ||   178
Dodge: Dodged            |    78 |    51 ||   129
Block: Shield            |   135 |    97 ||   232
